 Dungeon Crawl Stone Soup version 0.30-a0-335-ge5acde7520 (webtiles) character file.

Game seed: 17792657308465442905

249 p00ps00p the Fighter (level 6, -1/87 (91) HPs)
             Began as a Hill Orc Fighter on Oct 30, 2022.
             Slain by Crazy Yiuf
             ... wielding a +3 quarterstaff of chaos
              (2 damage)
             ... on level 4 of the Dungeon.
             The game lasted 00:09:07 (2942 turns).

p00ps00p the Fighter (Hill Orc Fighter)             Turns: 2942, Time: 00:09:08

HP:   -1/87 (91)    AC: 23    Str: 19    XL:     6   Next: 12%
MP:   6/6           EV:  2    Int:  8    God:
Gold: 189           SH:  5    Dex: 12    Spells: 5/5 levels left

rFire   . . .      SeeInvis .    a - +0 war axe
rCold   . . .      Faith    .    c - +1 buckler
rNeg    . . .      Spirit   .    (body armour currently unavailable)
rPois   +          Reflect  .    (helmet currently unavailable)
rElec   .          Harm     .    (cloak currently unavailable)
rCorr   .          Rampage  .    (gloves currently unavailable)
Will    .....      NoTele   +    (boots currently unavailable)
Stlth   +.........               (no amulet)
HPRegen 0.34/turn                (no ring)
MPRegen 0.10/turn                (no ring)

@: agile, tree-form, lightly drained
A: stationary, stasis, torment immunity, boosted hp
a: no special abilities


You were on level 4 of the Dungeon.
You were a tree.
You visited 1 branch of the dungeon, and saw 5 of its levels.

You collected 189 gold pieces.

Inventory:

Hand Weapons
 a - a +0 war axe (weapon)
Missiles
 j - 12 poisoned darts (quivered)
Armour
 b - a +0 scale mail (melded)
 c - a +1 buckler (worn)
Jewellery
 g - a +6 ring of strength
Wands
 l - a wand of flame (7)
Potions
 d - 4 potions of curing
 e - 2 potions of mutation {unknown}
 f - a potion of heal wounds {unknown}
 h - 4 potions of flight
 i - 2 potions of brilliance {unknown}
 k - 2 potions of lignification
 m - a potion of resistance {unknown}


   Skills:
 + Level 8.0 Fighting
 - Level 2.6 Axes
 - Level 3.2 Armour
 - Level 3.2 Shields


You had 5 spell levels left.
You didn't know any spells.
Your spell library contained the following spells:

 Spells                   Type           Power      Damage    Failure   Level
 Apportation              Tloc           0%         N/A       50%         1
 Kiss of Death            Conj/Necr      0%         2d5       50%         1
 Confusing Touch          Hex            0%         N/A       86%         3
 Dispel Undead            Necr           0%         3d6       99%         4
 Alistair's Intoxication  Tmut/Pois      0%         N/A       100%        5


Dungeon Overview and Level Annotations

Branches:
Dungeon (5/15)
 Temple: D:4-7

Altars:

Shops:
D:1 [

Annotations:
D:3 Jessica, Sigmund
D:4 Crazy Yiuf


Message History

Crazy Yiuf hits you with a +3 quarterstaff of chaos!
Crazy Yiuf burns you.
You hit Crazy Yiuf.
Crazy Yiuf is moderately wounded.
Crazy Yiuf zaps a wand.
The puff of flame hits you.
Crazy Yiuf says, "Island cloud disdain!"
Crazy Yiuf zaps a wand.
The puff of flame hits you.
* * * LOW HITPOINT WARNING * * *
You slash Crazy Yiuf!
Crazy Yiuf is severely wounded.
Crazy Yiuf hits you with a +3 quarterstaff of chaos.
* * * LOW HITPOINT WARNING * * *
You hit Crazy Yiuf but do no damage.
Crazy Yiuf is severely wounded.
Crazy Yiuf whimpers, "Scoff bag rumpyflump!"
Crazy Yiuf hits you with a +3 quarterstaff of chaos!
* * * LOW HITPOINT WARNING * * *
Crazy Yiuf burns you.
* * * LOW HITPOINT WARNING * * *
Really quaff the potion of lignification?
Uppercase [Y]es or [N]o only, please.
Really quaff the potion of lignification?
You turn into a tree.
Your +0 scale mail melds into your body.
Your roots penetrate the ground.
Crazy Yiuf zaps a wand.
The puff of flame hits you but does no damage.
You hit Crazy Yiuf.
Crazy Yiuf is almost dead.
Crazy Yiuf hits you with a +3 quarterstaff of chaos.
* * * LOW HITPOINT WARNING * * *
You feel drained.
Crazy Yiuf hits you with a +3 quarterstaff of chaos.
* * * LOW HITPOINT WARNING * * *
You feel more agile all of a sudden.
You hit Crazy Yiuf but do no damage.
Crazy Yiuf is almost dead.
Crazy Yiuf hits you with a +3 quarterstaff of chaos.
* * * LOW HITPOINT WARNING * * *
You feel drained.
You die...

♣♣♣♣♣### #### ♣♣♣.♣.P#.##
#...#♣..♣......##
#..g♣.♣♣♣♣......# #)..#♣♣
♣♣P#...# #### ♣♣###.# ##.#
#..# #################
########.##
#........##.....###......#.#
####
#........##.....##.........#
#..#
#........##.....#..........#
#..#


You could see Crazy Yiuf.

Vanquished Creatures
  Natasha (thrice) (D:4)
  8 adders
  A white imp (D:4)
  2 worms
  4 dart slugs
  5 orcs
  5 bats
  5 endoplasms
  6 giant cockroaches
  8 goblins
  5 hobgoblins
  4 jackals (D:2)
  3 quokkas
  5 ball pythons
  3 frilled lizards
  6 kobolds
  3 rats
76 creatures vanquished.

Notes
Turn   | Place    | Note
-------+----------+-------------------------------------------
     0 | D:1      | p00ps00p the Hill Orc Fighter began the quest for the Orb.
     0 | D:1      | Reached XP level 1. HP: 19/19 MP: 1/1
    97 | D:1      | Reached skill level 4 in Fighting
   342 | D:1      | Found Veteahih's Antique Armour Shoppe.
   353 | D:1      | Reached XP level 2. HP: 21/27 MP: 2/2
   598 | D:1      | Found a faded altar of an unknown god.
   829 | D:1      | Reached skill level 5 in Fighting
   829 | D:1      | Reached XP level 3. HP: 32/36 MP: 3/3
  1192 | D:2      | Reached XP level 4. HP: 38/44 MP: 4/4
  1387 | D:2      | Reached skill level 6 in Fighting
  1862 | D:2      | Reached XP level 5. HP: 47/51 MP: 5/5
  2205 | D:3      | Noticed Sigmund
  2205 | D:3      | Noticed Jessica
  2221 | D:4      | Reached skill level 7 in Fighting
  2415 | D:4      | Noticed Natasha
  2424 | D:4      | Killed Natasha
  2459 | D:4      | Noticed Natasha
  2473 | D:4      | Killed Natasha
  2539 | D:4      | Noticed Natasha
  2546 | D:4      | Killed Natasha
  2547 | D:4      | Reached skill level 8 in Fighting
  2547 | D:4      | Reached XP level 6. HP: 50/61 MP: 6/6
  2797 | D:4      | Found a runed translucent door.
  2798 | D:4      | Noticed Crazy Yiuf
  2851 | D:4      | You fall into a shaft and drop 1 floor!
  2851 | D:5      | Entered Level 5 of the Dungeon
  2942 | D:4      | HP: 1/88 [Crazy Yiuf/+3 quarterstaff of chaos (5)]
  2942 | D:4      | Slain by Crazy Yiuf

Illustrated notes

Levels and vault maps discovered:
D:1:      minmay_arrival_open_corners, layout_basic,
          hellmonk_ecumenical_altar_run_dry, serial_shops, shop
D:2:      layout_loops_ring
D:3:      layout_basic, uniq_sigmund, uniq_jessica
D:4:      layout_rooms, uniq_crazy_yiuf_cottage, uniq_natasha
D:5:      layout_cave_pools, mainiacjoe_overflow_brackets, serial_glass,
          glass_columns_b, glass_columns_a, glass_columns_b, glass_columns_a,
          glass_columns_b, glass_columns_a, minmay_fire_ice_demons

Skill      XL: |  1  2  3  4  5 |
---------------+----------------+-----
Fighting       | 4 5 6 8 |  8.0
Axes           | |  2.6
Armour         | |  3.2
Shields        | |  3.2

Action                   |  1- 3 |  4- 6 || total
-------------------------+-------+-------++-------
Melee: War axe           |    92 |   171 ||   263
  Use: Scroll            |     5 |     4 ||     9
       Potion            |     1 |     1 ||     2
Armor: Scale mail        |    82 |   102 ||   184
       Skin              |       |     1 ||     1
Dodge: Dodged            |    59 |   102 ||   161
Block: Buckler           |    44 |    61 ||   105

Table legend: (Time is in decaauts)
 A = Elapsed time spent in this place.
 B = Non-inter-level travel time spent in this place.
 C = Inter-level travel time spent in this place.
 D = Time resting spent in this place.
 E = Time spent auto-exploring this place.
 F = Levels seen in this place.
 G = Mean time per level.
                   A        B        C        D        E       F      G
               +--------+--------+--------+--------+--------+-----+--------+
         Total |   3055 |   2985 |     70 |    381 |   1617 |   5 |  611.0 |
       Dungeon |   3055 |   2985 |     70 |    381 |   1617 |   5 |  611.0 |
               +--------+--------+--------+--------+--------+-----+--------+

Top non-repeatable levels by time:
     D:1: 1089 daAuts
     D:2: 948 daAuts
     D:4: 736 daAuts
     D:3: 259 daAuts
     D:5: 19 daAuts
